 Dungeon Crawl Stone Soup version 0.28.0-43-g3370ac3207 (webtiles) character file.

Game seed: 1373734319037432943

3 smarlow the Sneak (level 1, 0/9 HPs)
             Began as a Vine Stalker Enchanter on Mar 17, 2022.
             Slain by a kobold
             ... wielding a +0 dagger
              (2 damage)
             ... on level 1 of the Dungeon.
             The game lasted 00:00:20 (203 turns).

smarlow the Sneak (Vine Stalker Enchanter)           Turns: 203, Time: 00:00:21

Health: 0/9        AC:  2    Str: 10    XL:     1   Next: 50%
Magic:  0/4        EV: 12    Int: 15    God:
Gold:   16         SH:  0    Dex: 14    Spells: 4/4 levels left

rFire   . . .      SeeInvis .   a - +1 dagger
rCold   . . .      Faith    .   (no shield)
rNeg    . . .      Spirit   +   b - +0 robe
rPois   .          Reflect  .   (no helmet)
rElec   .          Harm     .   (no cloak)
rCorr   .          Rampage  .   (no gloves)
Will    .....                   (no boots)
Stlth   ++........              (no amulet)
HPRegen 0.03/turn               (no ring)
MPRegen 0.09/turn               (no ring)

@: no status effects
A: fangs 2, magic shield, antimagic bite, no potion heal 2
a: no special abilities


You were on level 1 of the Dungeon.
You visited 1 branch of the dungeon, and saw 1 of its levels.

You collected 16 gold pieces.

Inventory:

Hand Weapons
 a - a +1 dagger (weapon)
Armour
 b - a +0 robe (worn)
Potions
 c - a potion of invisibility


   Skills:
 + Level 0.0 Fighting
 + Level 0.9 Short Blades
 + Level 1.6 Dodging
 * Level 3.7 Stealth
 * Level 2.3 Spellcasting
 + Level 3.0 Hexes


You had 4 spell levels left.
You didn't know any spells.
Your spell library contained the following spells:

 Spells                   Type           Power      Damage    Failure   Level
 Ensorcelled Hibernation  Hex/Ice        12%        N/A       17%         2
 Confusing Touch          Hex            10%        N/A       19%         3
 Tukima's Dance           Hex            10%        N/A       19%         3
 Dazzling Flash           Conj/Hex       12%        N/A       34%         3


Dungeon Overview and Level Annotations

Branches:
Dungeon (1/15)

Altars:


Innate Abilities, Weirdness & Mutations

You have extremely sharp teeth.
When hurt, damage is shared between your health and your magic reserves.
Your bite disrupts and absorbs the magic of your enemies.
Potions cannot restore your health.


Message History

A kobold is nearby!
A kobold is nearby!
An endoplasm comes into view.
The kobold shouts!
You hear an angry hiss.
The kobold throws a stone.
The stone hits you but does no damage.
A frilled lizard comes into view.
A rat comes into view.
A kobold comes into view. It is wielding a +0 dagger.
The kobold hits you but does no damage.
You barely miss the kobold.
The kobold shouts!
Your bite misses the kobold. The kobold hits you with a +0 club.
You hit the kobold but do no damage. The kobold completely misses you.
The kobold closely misses you.
You hit the kobold.
The kobold is moderately wounded.
The kobold hits you with a +0 club. The kobold closely misses you.
You closely miss the kobold. Your bite misses the kobold.
The kobold is moderately wounded.
The kobold barely misses you. x2
You hit the kobold. Your bite misses the kobold.
The kobold is heavily wounded.
The kobold barely misses you. The kobold hits you with a +0 dagger.
The frilled lizard bites you but does no damage.
You hit the kobold but do no damage.
The kobold is heavily wounded.
The kobold hits you with a +0 dagger.
* * * LOW HITPOINT WARNING * * *
You closely miss the kobold. Your bite misses the kobold.
The kobold is heavily wounded.
The kobold closely misses you.
Found a robe.
The kobold hits you with a +0 dagger.
* * * LOW HITPOINT WARNING * * *
You hit the kobold but do no damage. Your bite misses the kobold.
The kobold is heavily wounded.
The kobold misses you.
You completely miss the kobold.
The kobold is heavily wounded.
The kobold hits you with a +0 dagger.
You die...

## #...# ##...##
#####.#.######...##
......#........#..#
...##.#.###..#.##)#
##.##.#..#^###..#.#
..................#
.###########..#####
..## ##..##.[.# #.†##
##..## #@# ##..##
##..## #K#
##..###..######l#####
##..#..##.rK.rK....#
##...###.###.####.#
#...#...........
#..#....#.#.##.#
#...[.....#.#.. ..
##............. ##


You could see 2 kobolds, a frilled lizard and a rat.

Vanquished Creatures
  An endoplasm (D:1)
  A hobgoblin (D:1)
  A goblin (D:1)
3 creatures vanquished.

Vanquished Creatures (others)
  A plant (D:1)
1 creature vanquished.

Grand Total: 4 creatures vanquished

Notes
Turn   | Place    | Note
-------+----------+-------------------------------------------
     0 | D:1      | smarlow the Vine Stalker Enchanter began the quest for the
                  | Orb.
     0 | D:1      | Reached XP level 1. HP: 9/9 MP: 4/4
   203 | D:1      | Slain by a kobold

Illustrated notes

Levels and vault maps discovered:
D:1:      dpeg_chamrin_arrival_tetris, layout_loops_cross, serial_forest,
          infiniplex_forest_lined_1, infiniplex_forest_lined_corner,
          infiniplex_forest_lined_2, infiniplex_forest_clump_curved,
          infiniplex_forest_straight_2, infiniplex_forest_clump_medium,
          infiniplex_forest_clump_double, infiniplex_forest_clump_double,
          infiniplex_forest_clump_cross, nicolae_wormholes

Action                   || total
-------------------------++-------
Melee: Dagger            ||    16
       Bite              ||     5
Armor: Robe              ||     3
Dodge: Dodged            ||    10
